 Dungeon Crawl Stone Soup version 0.29-a0-241-g20d21d4356 (webtiles) character file.

Game seed: 7629902352048335066

112 Ordine the Cudgeller (level 4, -8/28 HPs)
             Began as a Tengu Warper on Mar 4, 2022.
             Splashed by a jelly's acid (10 damage)
             ... on level 3 of the Dungeon.
             The game lasted 00:05:21 (2743 turns).

Ordine the Cudgeller (Tengu Warper)                 Turns: 2743, Time: 00:05:22

Health: -8/28      AC: -11   Str: 13    XL:     4   Next: 93%
Magic:  8/8        EV: 12    Int: 13    God:
Gold:   107        SH:  0    Dex: 14    Spells: 7/7 levels left

rFire   . . .      SeeInvis .   a - +0 mace
rCold   . . .      Faith    .   (no shield)
rNeg    . . .      Spirit   .   b - +0 leather armour
rPois   .          Reflect  .   (helmet restricted)
rElec   .          Harm     .   h - +0 cloak
rCorr   .          Rampage  .   (no gloves)
Will    .....                   (boots unavailable)
Stlth   +.........              (no amulet)
HPRegen 0.09/turn               (no ring)
MPRegen 0.11/turn               (no ring)

@: corroded
A: beak, talons 3
a: no special abilities


You were on level 3 of the Dungeon.
You visited 1 branch of the dungeon, and saw 3 of its levels.

You collected 107 gold pieces.

Inventory:

Hand Weapons
 a - a +0 mace (weapon)
Missiles
 d - 5 boomerangs of dispersal
 p - 2 poisoned darts
Armour
 b - a +0 leather armour (worn)
 h - a +0 cloak (worn)
Jewellery
 o - an amulet of faith
Scrolls
 c - 3 scrolls of blinking
 f - a scroll of amnesia {unknown}
 g - a scroll of immolation {unknown}
 i - a scroll of vulnerability {unknown}
 j - a scroll of teleportation {unknown}
 l - a scroll of magic mapping {unknown}
Potions
 e - 2 potions of curing {unknown}
 k - a potion of attraction {unknown}
 m - a potion of might {unknown}
 n - a potion of heal wounds {unknown}


   Skills:
 + Level 3.0 Fighting
 * Level 4.1 Maces & Flails
 + Level 2.3 Throwing
 - Level 1.1 Armour
 - Level 2.1 Dodging
 - Level 2.0 Spellcasting
 - Level 2.4 Translocations


You had 7 spell levels left.
You didn't know any spells.
Your spell library contained the following spells:

 Spells                   Type           Power      Damage    Failure   Level
 Blink                    Tloc           14%        N/A       19%         2
 Gell's Gravitas          Tloc           7%         N/A       36%         3
 Lesser Beckoning         Tloc           7%         N/A       36%         3
 Teleport Other           Tloc           7%         N/A       36%         3
 Ozocubu's Armour         Ice            1%         N/A       67%         3
 Stone Arrow              Conj/Erth      2%         3d7       67%         3
 Animate Armour           Summ/Erth      2%         N/A       97%         4
 Manifold Assault         Tloc           7%         N/A       98%         5
 Ozocubu's Refrigeration  Ice            0%         4d5       100%        7
 Lehudib's Crystal Spear  Conj/Erth      0%         10d2      100%        8


Dungeon Overview and Level Annotations

Branches:
Dungeon (3/15)

Altars:


Innate Abilities, Weirdness & Mutations

You have a beak for a mouth.
You have claws for feet.


Message History

You see here 2 poisoned darts.
You barely miss the goblin. The goblin barely misses you.
You closely miss the goblin. Your kick misses the goblin.
The goblin barely misses you.
You miss the goblin. Your kick misses the goblin. You peck the goblin.
The goblin is severely wounded.
The goblin barely misses you.
You hit the goblin.
You kill the goblin!
No target in view!
No target in view!
p - 2 poisoned darts
Found a stone staircase leading down.
A jelly and a hobgoblin come into view.
Found an escape hatch in the floor.
The hobgoblin shouts!
The jelly quivers.
You barely miss the jelly. You claw the jelly.
The jelly is moderately wounded.
The jelly hits you. The acid corrodes you!
You are splashed with acid!
The hobgoblin hits you.
You hit the jelly. The acid corrodes you!
Your hands burn!
The jelly is heavily wounded.
The jelly barely misses you. The hobgoblin misses you.
You are too injured to fight recklessly!
You are too injured to fight recklessly!
You are too injured to fight recklessly!
You are too injured to fight recklessly!
You hit the jelly but do no damage.
Your hands burn!
The jelly is heavily wounded.
The jelly hits you. The acid corrodes you!
You are splashed with acid!
* * * LOW HITPOINT WARNING * * *
The jelly closely misses you.
The jelly jiggles.
The jelly misses you.
There is an escape hatch in the ceiling here.
The jelly hits you.
* * * LOW HITPOINT WARNING * * *
The acid corrodes you!
You are splashed with acid!
You die...

###### #...@#
#...J# #)..g#
########....#
####...........#
##....######....#
#..#### #....#
#.## ####.###
##.# #...#


You could see a jelly and a hobgoblin.

Vanquished Creatures
  4 adders
  2 worms
  2 dart slugs
  3 ball pythons
  6 bats
  6 endoplasms
  2 giant cockroaches (D:2)
  8 hobgoblins
  8 jackals (D:1)
  5 kobolds
  4 quokkas
  2 frilled lizards (D:2)
  4 goblins
  2 rats
58 creatures vanquished.

Notes
Turn   | Place    | Note
-------+----------+-------------------------------------------
     0 | D:1      | Ordine the Tengu Warper began the quest for the Orb.
     0 | D:1      | Reached XP level 1. HP: 12/12 MP: 4/4
    71 | D:1      | Reached XP level 2. HP: 15/17 MP: 6/6
   228 | D:1      | Found a faded altar of an unknown god.
   308 | D:1      | Reached skill level 3 in Maces & Flails
   490 | D:1      | Reached XP level 3. HP: 20/22 MP: 7/7
  1283 | D:2      | Reached XP level 4. HP: 14/27 MP: 8/8
  2487 | D:3      | Reached skill level 4 in Maces & Flails
  2743 | D:3      | Splashed by a jelly's acid

Illustrated notes

Levels and vault maps discovered:
D:1:      ebering_hopf_link, layout_rooms, hellmonk_ecumenical_altar_run_dry
D:2:      layout_basic
D:3:      layout_rooms, hangedman_decor_push

Skill      XL: |  1  2  3  4 |
---------------+-------------+-----
Maces & Flails | 3 4 |  4.1
Throwing       | 2 |  2.3
Fighting       | 3 |  3.0
Armour         | |  1.1
Dodging        | |  2.1
Spellcasting   | |  2.0
Translocations | |  2.4

Action                   |  1- 3 |  4- 6 || total
-------------------------+-------+-------++-------
Melee: Mace              |    88 |    72 ||   160
       Kick              |    17 |    18 ||    35
       Peck              |    12 |     6 ||    18
       Punch             |     2 |     1 ||     3
 Stab: Sleeping          |     1 |     1 ||     2
Armor: Leather armour    |    23 |    28 ||    51
Dodge: Dodged            |    72 |    52 ||   124

Table legend: (Time is in decaauts)
 A = Elapsed time spent in this place.
 B = Non-inter-level travel time spent in this place.
 C = Inter-level travel time spent in this place.
 D = Time resting spent in this place.
 E = Time spent auto-exploring this place.
 F = Levels seen in this place.
 G = Mean time per level.
                   A        B        C        D        E       F      G
               +--------+--------+--------+--------+--------+-----+--------+
         Total |   2779 |   2745 |     34 |      0 |   2280 |   3 |  926.3 |
       Dungeon |   2779 |   2745 |     34 |      0 |   2280 |   3 |  926.3 |
               +--------+--------+--------+--------+--------+-----+--------+

Top non-repeatable levels by time:
     D:2: 1419 daAuts
     D:1: 817 daAuts
     D:3: 542 daAuts
